 Dungeon Crawl Stone Soup version 0.24.1-14-gf8d2b509d9 (webtiles) character file.

Game seed: 9452776373546305920, levelgen mode: deterministic

38 backslashecho the Skirmisher (level 3, -2/33 HPs)
             Began as a Draconian Fighter on July 27, 2023.
             Slain by a kobold
             ... wielding a +0 whip of venom
              (3 damage)
             ... on level 3 of the Dungeon.
             The game lasted 00:02:49 (442 turns).

backslashecho the Skirmisher (Draconian Fighter)     Turns: 442, Time: 00:02:49

Health: -2/33      AC:  5    Str: 24    XL:     3   Next: 25%
Magic:  3/3        EV: 10    Int:  8    God:
Gold:   33         SH:  9    Dex: 10    Spells: 2/2 levels left

rFire    . . .     SeeInvis .     - Unarmed
rCold    . . .     Gourm    .   a - +0 shield
rNeg     . . .     Faith    .   (armour unavailable)
rPois    .         Spirit   .   (helmet restricted)
rElec    .         Reflect  .   (no cloak)
rCorr    .         Harm     .   (no gloves)
MR       .....                  (no boots)
Stlth    +.........             (no amulet)
HPRegen  0.11/turn              (no ring)
MPRegen  0.08/turn              (no ring)

@: mighty, lethally poisoned (-2 -> -4)
A: unfitting armour, cold-blooded, AC +5
a: no special abilities


You were on level 3 of the Dungeon.
You were not hungry.

You visited 1 branch of the dungeon, and saw 3 of its levels.

You collected 33 gold pieces.

Inventory:

Armour
 a - a +0 shield (worn)
Jewellery
 e - an uncursed ring of fire
 g - an uncursed amulet of faith {unknown}
Scrolls
 d - a scroll of teleportation {unknown}
 f - a scroll of remove curse {unknown}
Comestibles
 c - 2 rations


   Skills:
 + Level 3.7 Fighting
 + Level 3.0 Dodging
 + Level 3.3 Shields
 + Level 2.4 Unarmed Combat


You had 2 spell levels left.
You didn't know any spells.
Your spell library was empty.

Dungeon Overview and Level Annotations

Branches:
Dungeon (3/15)

Altars:


Innate Abilities, Weirdness & Mutations

Your plain brown scales are hard. (AC +5)
You cannot fit into any form of body armour.
You are cold-blooded and may be slowed by cold attacks.


Message History

Your experience leads to an increase in your attributes!
Your base attributes are Str 18, Int 8, Dex 10.
Increase (S)trength, (I)ntelligence, or (D)exterity?
You feel stronger.
Your scales feel tougher.
* * * LOW HITPOINT WARNING * * *
You feel sick. You block the bat's attack.
The kobold throws a curare-tipped dart.
The curare-tipped dart barely misses you.
* * * LOW HITPOINT WARNING * * *
You feel sick. You block the bat's attack. The kobold misses you.
Things that are here:
a +0 whip; a gnoll corpse You barely miss the kobold.
You feel yourself speed up. The bat barely misses you.
You block the kobold's attack. x2
You closely miss the kobold.
Your tail-slap misses the kobold.
* * * LOW HITPOINT WARNING * * *
You feel sick. You block the bat's attack.
The kobold hits you with a +0 whip of venom.
You die...

. ######### ..
........# .#
........# ###..
........# ...
....$...##.#
.......K@.(#
.......b####
.......<#
...............
........##.b...
........# ##..
########. . #


You could see a bat and a kobold.

Vanquished Creatures
  A gnoll (D:3)
  An adder (D:2)
  A leopard gecko (D:1)
  3 bats
  2 giant cockroaches (D:1)
  2 goblins (D:1)
  A hobgoblin (D:1)
  A quokka (D:2)
  2 frilled lizards
  A kobold (D:1)
  4 rats
19 creatures vanquished.

Notes
Turn   | Place    | Note
-------+----------+-------------------------------------------
     0 | D:1      | backslashecho the Draconian Fighter began the quest for the
                  | Orb.
     0 | D:1      | Reached XP level 1. HP: 19/19 MP: 1/1
   104 | D:1      | Reached XP level 2. HP: 23/26 MP: 2/2
   409 | D:2      | Found a faded altar of an unknown god.
   439 | D:3      | Reached XP level 3. HP: 4/33 MP: 3/3
   442 | D:3      | HP: 1/33 [poisoned by kobold (curare-tipped dart)]
   442 | D:3      | Slain by a kobold

Levels and vault maps discovered:
D:1:      minmay_arrival_stone_box, layout_rooms, dk_noncrumbling_3,
          minmay_bisected
D:2:      layout_loops_ring, chequers_ecumenical_altar_island
D:3:      layout_rooms, makhleb_grotto_becter, minitemple

Skill      XL: |  1  2 |
---------------+-------+-----
Dodging        | 3 |  3.0
Fighting       | |  3.7
Shields        | |  3.3
Unarmed Combat | |  2.4

Action                   || total
-------------------------++-------
Melee: Unarmed           ||    75
       Tailslap          ||     3
  Use: Potion            ||     1
 Stab: Sleeping          ||     1
Armor: Skin              ||    27
Dodge: Dodged            ||    30
Block: Shield            ||    37
